 Dungeon Crawl Stone Soup version 0.31-a0-246-g8cbcc1cb85 (webtiles) character file.

Game seed: 8623129167167601766

58 qw the Shooter (level 3, -1/29 HPs)
             Began as a Minotaur Hexslinger on July 12, 2023.
             Slain by Natasha (5 damage)
             ... on level 2 of the Dungeon.
             The game lasted 00:00:28 (1295 turns).

qw the Shooter (Minotaur Hexslinger)                Turns: 1295, Time: 00:00:29

Health: -1/29      AC:  3    Str: 12    XL:     3   Next: 75%
Magic:  3/3        EV: 12    Int: 10    God:
Gold:   61         SH:  0    Dex: 14    Spells: 3/4 levels left

rFire   . . .        Y - +1 sling
rCold   . . .        (no shield)
rNeg    . . .        d - +0 leather armour
rPois   .            (helmet restricted)
rElec   .            (no cloak)
rCorr   .            (no gloves)
SInv    .            (no boots)
Will    .....        (no amulet)
Stlth   +            (no ring)
HPRegen 0.24/turn    (no ring)
MPRegen 0.08/turn

%: no passive effects
@: no status effects
A: horns 2, retaliatory headbutt
a: no special abilities


You were on level 2 of the Dungeon.
You visited 1 branch of the dungeon, and saw 2 of its levels.

You collected 61 gold pieces.


Innate Abilities, Weirdness & Mutations

You have a pair of horns on your head.
You reflexively headbutt those who attack you in melee.


   Skills:
 - Level 2.0 Fighting
 + Level 4.3 Ranged Weapons
 - Level 2.1 Dodging
 - Level 1.0 Spellcasting
 - Level 2.0 Hexes


You had 3 spell levels left.
You knew the following spells:

 Your Spells              Type           Power      Damage    Failure   Level
a - Slow                  Hex            16%        N/A       19%         1

Your spell library contained the following spells:

 Spells                   Type           Power      Damage    Failure   Level
 Inner Flame              Hex/Fire       2%         N/A       65%         3
 Portal Projectile        Hex/Tloc       4%         N/A       65%         3
 Cause Fear               Hex            2%         N/A       88%         4

Inventory:

Hand Weapons
 Y - a +1 sling (weapon)
Armour
 d - a +0 leather armour (worn)
Scrolls
 a - a scroll of identify
 g - 2 scrolls of enchant armour
Potions
 b - a potion of haste {unknown}
 c - 2 potions of curing {unknown}
 f - a potion of lignification {unknown}
 h - a potion of ambrosia {unknown}
 i - a potion of degeneration {unknown}
 j - a potion of resistance {unknown}

Dungeon Overview and Level Annotations

Branches:
Dungeon (2/15)

Altars:
Hepliaklqana

Annotations:
D:2 Natasha


Message History

The cerulean imp closely misses you.
Natasha casts a spell.
The cerulean imp closely misses you.
You shoot a sling bullet. The sling bullet barely misses Natasha.
Natasha claws you. The cerulean imp closely misses you.
Natasha growls.
Natasha claws you but does no damage.
You shoot a sling bullet. The sling bullet barely misses Natasha.
The sling bullet hits the cerulean imp but does no damage.
The cerulean imp hits you from afar with a +0 spear.
The cerulean imp completely misses you. Natasha claws you.
You shoot a sling bullet.
The sling bullet hits Natasha but does no damage.
The cerulean imp hits you from afar with a +0 spear.
The cerulean imp barely misses you. Natasha closely misses you.
You furiously retaliate!
You headbutt Natasha.
The cerulean imp hits you but does no damage.
You shoot a sling bullet.
The sling bullet hits Natasha but does no damage.
Natasha is lightly wounded.
The cerulean imp barely misses you. Natasha claws you.
The cerulean imp barely misses you.
The cerulean imp hits you but does no damage.
You shoot a sling bullet. The sling bullet hits Natasha.
Natasha is lightly wounded.
Natasha closely misses you.
The cerulean imp hits you from afar with a +0 spear.
The cerulean imp barely misses you.
Natasha stares at you and mumbles some strange words.
The magic dart hits you!
You shoot a sling bullet. The sling bullet barely misses Natasha.
The sling bullet hits the cerulean imp.
The cerulean imp is moderately wounded.
The cerulean imp closely misses you. The cerulean imp completely misses you.
Natasha barely misses you.
You shoot a sling bullet. The sling bullet barely misses Natasha.
The sling bullet misses the cerulean imp.
The cerulean imp disappears in a puff of smoke!
The cerulean imp closely misses you. Natasha claws you.
You die...

#.#.##.. ........
........ # ##.).### #.
##..... ... #.#### #..h
#.# ..... ### ##'##
......#@#### ##...##
.....¤h..#.### ##.)...##
.....5.......###.......#
.........#.#..#.........
......#.####..'(........
.....#### ####.........
#...# ### ##.......#
.... #.# ##.....## #..
#.# ##...##


You could see Natasha and a cerulean imp (summoned).

Vanquished Creatures
  Natasha (D:2)
  A dart slug (D:1)
  7 bats
  3 giant cockroaches
  5 hobgoblins
  4 ball pythons
  A frilled lizard (D:1)
  A goblin (D:1)
  2 kobolds
  6 rats
31 creatures vanquished.

Notes
Turn   | Place    | Note
-------+----------+-------------------------------------------
     0 | D:1      | qw the Minotaur Hexslinger began the quest for the Orb.
     0 | D:1      | Reached XP level 1. HP: 16/16 MP: 1/1
     0 | D:1      | 0 ||| qw: Version: 0.3-a-52-g30416fa
     0 | D:1      | 0 ||| qw: Game counter: 6201
     0 | D:1      | 0 ||| qw: Melee chars always use a shield: true
     0 | D:1      | 0 ||| qw: God list: Okawaru
     0 | D:1      | 0 ||| qw: Allow faded altars: false
     0 | D:1      | 0 ||| qw: Do Orc after clearing Dungeon:15 true
     0 | D:1      | 0 ||| qw: Do second Lair branch before Depths: true
     0 | D:1      | 0 ||| qw: Lair rune preference: random
     0 | D:1      | 0 ||| qw: Goals: Normal
     0 | D:1      | 0 ||| PLANNING D:1-11
   240 | D:1      | Reached skill level 3 in Ranged Weapons
   248 | D:1      | Reached XP level 2. HP: 23/23 MP: 2/2
   342 | D:1      | You fall into a shaft and drop 1 floor!
   344 | D:2      | 344 ||| UPGRADING to +0 leather armour.
   354 | D:2      | 354 ||| DROPPING +0 robe.
   355 | D:2      | 355 ||| READING scroll labelled MUTYLO JENLO.
   356 | D:2      | 356 ||| READING 3 scrolls labelled RIENEI DESAI.
   357 | D:2      | 357 ||| DROPPING scroll of poison.
   454 | D:1      | 454 ||| READING scroll labelled OPRITORALOO.
   781 | D:1      | 781 ||| READING scroll labelled AZUACZ RUNA.
   938 | D:2      | Reached XP level 3. HP: 29/29 MP: 3/3
   964 | D:2      | Found a faded altar of an unknown god.
  1047 | D:2      | Found a hazy altar of Hepliaklqana.
  1084 | D:2      | Noticed Natasha
  1087 | D:2      | Killed Natasha
  1088 | D:2      | Reached skill level 4 in Ranged Weapons
  1263 | D:2      | Identified the +6 flail of Feumn {vamp, rElec Will+ Str+8
                  | Dex-2}
  1281 | D:2      | Noticed Natasha
  1282 | D:2      | 1282 ||| Stepping ~*~*~tactically~*~*~ (outnumbered).
  1293 | D:2      | HP: 3/29 [Natasha/magic dart (9)]
  1295 | D:2      | Slain by Natasha

Levels and vault maps discovered:
D:1:      psy_arrival_radial02, layout_basic, reono_crystal_passage,
          minmay_misc_feat_x
D:2:      layout_loops_corners, basic_altar, basic_ecumenical_altar,
          nicolae_figureground_sparkle, uniq_natasha, uniq_crazy_yiuf_cottage

Skill      XL: |  1  2  3 |
---------------+----------+-----
Ranged Weapons | 3 4 |  4.3
Fighting       | 2 |  2.0
Dodging        | |  2.1
Spellcasting   | |  1.0
Hexes          | |  2.0

Action                     || total
---------------------------++-------
   Fire: Sling             ||   100
    Use: Scroll            ||     4
 Armour: Leather armour    ||    23
         Robe              ||     1
  Dodge: Dodged            ||    46

Table legend:
 A = Non-vault XP
 B = Vault XP
 C = Vault XP percentage of total XP
 D = Non-vault monster count
 E = Vault monster count
 F = Vault count percentage of total count
                 A         B        C        D         E       F
            +---------+---------+-------+---------+---------+-------
      Total |      48 |      35 |  42.2 |      30 |       1 |   3.2
            +---------+---------+-------+---------+---------+-------
        D:1 |      32 |       0 |   0.0 |      21 |       0 |   0.0
        D:2 |      16 |      35 |  68.6 |       9 |       1 |  10.0
            +---------+---------+-------+---------+---------+-------
